 Dungeon Crawl Stone Soup version 0.28.0-45-g0d030f2227 (webtiles) character file.

Game seed: 3354247777418926442

53361 MisterFreud the Acrobat (level 14, -3/75 HPs)
             Began as a Felid Berserker on May 13, 2022.
             Was the Champion of Trog.
             Slain by a merfolk
             ... wielding a +0 trident
              (24 damage)
             ... on level 4 of the Shoals.
             The game lasted 00:53:09 (24849 turns).

MisterFreud the Acrobat (Felid Berserker)          Turns: 24849, Time: 00:53:10

Health: -3/75      AC:  3    Str: 20    XL:     14   Next: 30%
Magic:  15/15      EV: 44    Int:  8    God:    Trog [******]
Gold:   1399       SH:  0    Dex: 24    Spells: 13/13 levels left
                                        Lives:  0   Deaths: 3

rFire   . . .      SeeInvis +     - Unarmed
rCold   + . .      Faith    .   (shield unavailable)
rNeg    . . .      Spirit   .   (armour unavailable)
rPois   .          Reflect  .   (helmet unavailable)
rElec   +          Harm     .   (cloak unavailable)
rCorr   .          Rampage  .   (gloves unavailable)
Will    ++...                   (boots unavailable)
Stlth   +++++++...              e - amulet of regeneration
HPRegen 1.02/turn               c - +4 ring of evasion
MPRegen 0.14/turn               O - ring of Jupaf {Drain rElec Str+7 Slay+4 Stlth+}

@: mesmerised, studying Evocations, quick
A: very small, claws 1, fangs 3, see invisible, speed 1, shaggy fur 3, stealthy
paws, no weapons or thrown items, no armour, multi-lived
a: Renounce Religion, Berserk, Trog's Hand, Brothers in Arms


You were on level 4 of the Shoals.
You worshipped Trog.
Trog was exalted by your worship.
You visited 5 branches of the dungeon, and saw 28 of its levels.

You collected 2648 gold pieces.
You spent 1249 gold pieces at shops.

Inventory:

Jewellery
 a - a ring of protection from cold
 c - a +4 ring of evasion (left paw)
 e - an amulet of regeneration (around neck)
 i - a +4 ring of protection
 r - a ring of ice
 D - a ring of resist corrosion
 E - an amulet of reflection
 F - a +4 ring of evasion
 K - an amulet of the acrobat
 M - an amulet of faith
 O - the ring of Jupaf (right paw) {Drain rElec Str+7 Slay+4 Stlth+}
   (You found it on level 6 of the Lair of Beasts)

   [ring of slaying]

   Str:       It affects your strength (+7).
   Slay:      It affects your accuracy & damage with ranged weapons and melee
   (+4).
   rElec:     It insulates you from electricity.
   Drain:     It drains your maximum health when unequipped.
   Stlth:     It makes you more stealthy.
 P - a +6 ring of dexterity
 Q - a ring of positive energy
 R - a +6 ring of intelligence
 S - a ring of positive energy
 T - a +4 ring of protection
Wands
 h - a wand of flame (21)
 o - a wand of polymorph (13)
 s - a wand of iceblast (19)
 t - a wand of charming (7)
 u - a wand of mindburst (8)
 C - a wand of digging (9)
Scrolls
 k - 10 scrolls of teleportation
 l - 3 scrolls of fear
 w - 5 scrolls of blinking
 x - 3 scrolls of identify
 y - 2 scrolls of summoning
 H - 2 scrolls of torment
 J - 2 scrolls of holy word
 L - 3 scrolls of fog
Potions
 b - 4 potions of lignification
 d - a potion of invisibility
 f - 9 potions of curing
 g - 4 potions of flight
 j - 6 potions of heal wounds
 m - 4 potions of attraction
 n - 5 potions of haste
 p - 5 potions of might
 q - 3 potions of mutation
 v - 2 potions of cancellation
 A - 9 potions of ambrosia
 B - 2 potions of berserk rage
 N - a potion of resistance
 U - 2 potions of magic
Miscellaneous
 z - a box of beasts (inert)
 G - a lightning rod (4/4)
 I - a piece from Xom's chessboard (15/15)


   Skills:
 + Level 16.3 Fighting
 - Level 21.0 Dodging
 - Level 15.0 Stealth
 - Level 15.0 Unarmed Combat
 + Level 17.7 Evocations


You had 13 spell levels left.
You didn't know any spells.
Your spell library was empty.

Dungeon Overview and Level Annotations

Branches:
Dungeon (15/15)            Temple (0/1) D:4            Lair (6/6) D:9
 Shoals (4/4) Lair:3        Snake (1/4) Lair:3        Slime (0/5) Lair:6
    Orc (2/2) D:10            Elf (0/3) Orc:2        Vaults (0/5) D:14
 Depths (0/4) D:15

Altars:
Cheibriados
Dithmenos
Ru
Beogh
Jiyva

Shops:
D:2 ?   D:6 *   D:10 [   D:12 (   Orc:2 [?=!   Shoals:1 *   Snake:1 (=

Portals:
Pandemonium: Orc:2

Annotations:
D:3 2 transporters, Faeu's ghost, amateur MiFi
D:8 2 transporters, 1 runed translucent door, Athor's ghost, novice VSFi
D:13 1 runed translucent door
Lair:6 3 runed translucent doors, Rexfelis's ghost, journeyman MiBe; Tungsten's ghost, journeyman DrIE
Shoals:4 Nikola


Innate Abilities, Weirdness & Mutations

You have sharp claws.
You have razor-sharp teeth.
You have supernaturally acute eyesight. (SInv)
You cover ground quickly. (Speed+)
Your thick and shaggy fur keeps you warm. (AC +3, rC+)
Your paws help you pounce on unaware monsters.
You are incapable of wielding weapons or throwing items.
You cannot wear armour.
You gain extra lives every three experience levels.


Message History

The merfolk siren chants its luring song.
The merfolk completely misses you. The harpy completely misses you.
The harpy closely misses you.
Unknown command.
A nearby plant withers and dies.
Your elder batshock beast closely misses the merfolk.
The merfolk hits your elder batshock beast with a +1 vampiric trident!
The merfolk impaler completely misses you.
The merfolk hits you from afar with a +0 trident.
The harpy completely misses you. x2
Your elder batshock beast hits the merfolk!
The merfolk completely misses you.
The harpy claws your elder batshock beast!
The harpy claws your elder batshock beast.
The merfolk siren chants its luring song.
The sea snake closely misses your elder batshock beast.
Unknown command.
Unknown command.
You scratch the merfolk impaler. You bite the merfolk impaler!
The merfolk impaler is severely wounded.
The harpy completely misses you. x3; The harpy closely misses you.
The harpy completely misses you. The harpy misses you.
Your elder batshock beast hits the harpy!!
The merfolk completely misses you.
Unknown command.
A nearby plant withers and dies. x2; The harpy completely misses you. x2
Your elder batshock beast hits the harpy!
The harpy claws your elder batshock beast!
The harpy claws your elder batshock beast.
The sea snake bites your elder batshock beast but does no damage.
The merfolk siren chants its luring song.
The merfolk hits you with a +0 trident!
* * * LOW HITPOINT WARNING * * *
The harpy completely misses you. x2
The merfolk impaler completely misses you.
The harpy claws your elder batshock beast. x2
The merfolk hits your elder batshock beast with a +1 vampiric trident.
Your elder batshock beast hits the harpy!
The merfolk hits you from afar with a +0 trident!!
You die...

...H≈≈≈≈P.P....≈≈≈PP≈≈P≈#
...≈≈P≈≈P≈P≈≈≈≈..≈..P≈PPP
...≈≈mHP≈..≈≈≈≈≈.......P^
≈(≈≈†@≈HP...≈≈.≈.......PP
≈≈≈...PS<...........#..#
≈≈≈....S........$..P.P#
≈≈≈≈...≈≈.P..PSmHH....#
≈≈≈≈PP≈≈P≈≈≈PP.HHHm...#
≈≈..PP≈≈.≈≈≈≈PPm@.....#
≈≈≈≈≈≈≈≈P≈≈≈≈P...mPP..#
≈≈≈≈≈≈≈≈≈≈≈≈≈≈mP...P...#
≈≈≈≈≈≈≈≈.≈≈≈≈≈P≈Pm≈....≈(
≈≈≈≈≈≈≈≈.≈.≈≈≈≈≈..≈P...≈≈
≈≈≈≈≈≈P≈.PP......
≈≈≈≈≈##'##...... ≈≈≈≈#
... #..P.


You could see a merfolk impaler, a sea snake, 4 merfolk, a merfolk siren
(mesmerising), 4 harpies and a friendly elder batshock beast (summoned).

Vanquished Creatures
  Kirke (Lair:6)
  Roxanne (D:15)
  A stone giant (D:15)
  Azrael (Orc:2)
  A dire elephant (Lair:6)
  2 merfolk javelineers (Shoals:3)
  Josephine (Lair:6)
  A merfolk impaler (Shoals:3)
  Erolcha (D:10)
  Harold (D:9)
  2 catoblepae
  A vault guard (D:14)
  An ogre mage (D:15)
  A death knight (D:11)
  9 hydras
  2 demonspawn (Orc:2)
  An alligator (Lair:6)
  2 boulder beetles
  A merfolk avatar (Shoals:2)
  An alligator snapping turtle (Shoals:1)
  2 merfolk aquamancers
  An anaconda (Lair:6)
  4 centaur warriors
  5 two-headed ogres
  2 satyrs (Shoals:3)
  A naga sharpshooter (Snake:1)
  3 tengu warriors
  4 orc high priests (Orc:2)
  4 skeletal warriors (D:15)
  13 sea snakes
  7 harpies
  4 orc knights (Orc:2)
  A wolf spider (Lair:6)
  4 deep elf pyromancers
  8 orc sorcerers (Orc:2)
  A salamander (Lair:3)
  7 ugly things
  6 fauns
  7 manticores
  A black mamba (shapeshifter) (D:14)
  5 cyclopes
  13 elephants
  9 black mambas
  4 merfolk sirens
  A naga mage (Snake:1)
  2 rust devils (Orc:2)
  2 water nymphs (Shoals:3)
  An unseen horror (D:9)
  A rime drake (Lair:5)
  12 cane toads
  A kobold demonologist (D:14)
  2 ice devils (Orc:2)
  7 komodo dragons
  4 yaktaurs (D:15)
  2 tengu conjurers
  17 merfolk
  A queen bee (D:10)
  6 trolls
  10 polar bears
  A polar bear (shapeshifter) (D:15)
  2 wind drakes
  3 raiju (Lair:6)
  Prince Ribbit (D:8)
  5 slime creatures (D:12)
  9 dream sheep
  26 blink frogs
  8 snapping turtles
  6 water elementals
  3 wraiths (Lair:6)
  A ynoxinul (Orc:2)
  2 vampires
  2 hogs (Lair:6)
  3 fire bats (Lair:6)
  A wyvern (Lair:5)
  36 yaks
  A hog (shapeshifter) (D:13)
  7 basilisks
  4 fire elementals (Orc:2)
  6 vampire mosquitoes
  Grum (D:11)
  7 wargs
  6 nagas
  Edmund (D:4)
  4 acid dragons
  19 water moccasins
  Duvessa (D:5)
  10 hell hounds (Lair:6)
  23 orc warriors
  2 necrophages
  A sky beast (D:8)
  9 black bears
  28 wolves
  5 centaurs
  4 ogres
  A phantom (D:7)
  6 kobold brigands
  2 gnoll sergeants
  12 bullfrogs
  6 scorpions
  A water moccasin zombie (D:6)
  Dowan (D:5)
  23 killer bees
  7 wights
  4 electric eels
  2 howler monkeys
  A bullfrog zombie (D:5)
  2 centaur zombies
  28 orc priests
  2 gnoll shamans
  6 hounds
  2 jellies
  A bullfrog skeleton (D:4)
  2 centaur skeletons (D:7)
  An iguana (D:7)
  Terence (D:2)
  12 orc wizards
  4 hell rats
  A hound zombie (D:5)
  12 gnolls
  5 adders
  A white imp (D:7)
  2 ufetubi
  2 worms
  67 orcs
  5 bats
  5 endoplasms
  3 giant cockroaches
  7 hobgoblins
  2 jackals (D:2)
  31 kobolds
  5 quokkas
  6 ball pythons
  A frilled lizard (D:2)
  4 goblins
  4 rats
755 creatures vanquished.

Vanquished Creatures (collateral kills)
  A merfolk impaler (Shoals:3)
  3 vault guards (D:14)
  A demonspawn (Orc:2)
  An orc knight (Orc:2)
  A harpy (Shoals:4)
  A cyclops (D:14)
  3 manticores
  3 merfolk (Shoals:3)
  A polar bear (Lair:6)
  A raiju (Lair:6)
  2 yaks (Lair:2)
  A warg (Lair:6)
  3 hell hounds (Lair:6)
  4 black bears (Lair:6)
  A wolf (Lair:6)
27 creatures vanquished.

Vanquished Creatures (others)
  An orc wizard (Orc:2)
  A gnoll (D:9)
  36 fungi
  105 plants
143 creatures vanquished.

Grand Total: 925 creatures vanquished

Notes
Turn   | Place    | Note
-------+----------+-------------------------------------------
     0 | D:1      | MisterFreud the Felid Berserker began the quest for the
                  | Orb.
     0 | D:1      | Reached XP level 1. HP: 10/10 MP: 2/2
    58 | D:1      | Reached skill level 1 in Stealth
   429 | D:1      | Reached XP level 2. HP: 11/14 MP: 3/3
   771 | D:1      | Found a faded altar of an unknown god.
  1246 | D:2      | Reached XP level 3. HP: 17/17 MP: 4/4
  1702 | D:2      | Found Xubb's Magic Scroll Boutique.
  1712 | D:2      | Bought a scroll of teleportation for 36 gold pieces
  1712 | D:2      | Bought a scroll of identify for 24 gold pieces
  1828 | D:2      | Noticed Terence
  1836 | D:2      | Killed Terence
  1837 | D:2      | Reached XP level 4. HP: 21/21 MP: 5/5
  2219 | D:3      | Noticed Faeu's ghost (amateur MiFi)
  2224 | D:3      | Found a transporter.
  2224 | D:3      | Noticed an ogre
  2226 | D:3      | Found a transporter.
  2226 | D:3      | Noticed an ogre
  2267 | D:3      | Identified the +6 great mace of Suziqer {venom, rN+}
  2267 | D:3      | Noticed an ogre
  2286 | D:3      | Reached ** piety under Trog
  2593 | D:3      | Identified the +1 lajatang of Qethusk {elec, Dex+4}
  2718 | D:4      | Noticed a necrophage
  2726 | D:4      | Killed a necrophage
  2727 | D:4      | Reached skill level 5 in Stealth
  2727 | D:4      | Reached XP level 5. HP: 24/24 MP: 6/6
  2774 | D:4      | Reached skill level 5 in Unarmed Combat
  2780 | D:4      | Gained mutation: You are covered in thick fur. (AC +2)
                  | [Felid growth]
  2780 | D:4      | Reached XP level 6. HP: 23/28 MP: 7/7
  2841 | D:4      | Found a staircase to the Ecumenical Temple.
  3087 | D:4      | Noticed Edmund
  3098 | D:4      | Killed Edmund
  3180 | D:4      | Reached skill level 5 in Dodging
  3210 | D:4      | Found a snail-covered altar of Cheibriados.
  3210 | D:4      | Found a shadowy altar of Dithmenos.
  3224 | D:5      | Entered Level 5 of the Dungeon
  3251 | D:5      | Reached XP level 7. HP: 25/31 MP: 8/8
  3297 | D:5      | Reached skill level 6 in Dodging
  3415 | D:5      | Reached skill level 7 in Dodging
  3531 | D:5      | Reached skill level 8 in Dodging
  3717 | D:5      | Reached skill level 9 in Dodging
  3725 | D:5      | Reached XP level 8. HP: 30/34 MP: 9/9
  4125 | D:5      | Noticed Dowan
  4127 | D:5      | Noticed Duvessa
  4129 | D:5      | Killed Duvessa
  4130 | D:5      | Reached skill level 10 in Dodging
  4140 | D:5      | Killed Dowan
  4591 | D:6      | Reached skill level 5 in Fighting
  4952 | D:6      | Found Asty's CLEARANCE SALE!.
  4960 | D:6      | Bought a scroll of identify for 4 gold pieces
  5227 | D:6      | Reached XP level 9. HP: 35/42 MP: 10/10
  5894 | D:7      | Noticed a cyclops
  5897 | D:7      | Reached skill level 11 in Dodging
  5949 | D:7      | Killed a cyclops
  6316 | D:7      | Reached *** piety under Trog
  6521 | D:8      | Found a transporter.
  6523 | D:8      | Found a transporter.
  6566 | D:8      | Noticed Prince Ribbit
  6571 | D:8      | Killed Prince Ribbit
  6669 | D:8      | Noticed Athor's ghost (novice VSFi)
  6705 | D:8      | Noticed a queen bee
  6827 | D:8      | Noticed a centaur warrior
  6827 | D:8      | Noticed a deep elf pyromancer
  6827 | D:8      | Noticed a wolf spider
  6828 | D:8      | Found a runed translucent door.
  6830 | D:8      | Noticed an orc knight
  6830 | D:8      | Noticed an efreet
  6830 | D:8      | Noticed a komodo dragon
  6830 | D:8      | Noticed a yaktaur
  6830 | D:8      | Noticed a cyclops
  6843 | D:8      | Noticed a mana viper
  6906 | D:9      | Noticed a troll
  6927 | D:9      | Reached XP level 10. HP: 48/48 MP: 11/11
  7210 | D:9      | Reached skill level 1 in Evocations
  7222 | D:9      | Reached skill level 12 in Dodging
  7318 | D:9      | Identified the +8 hunting sling "Fumev" {venom, rElec Str+2
                  | Int-3}
  7508 | D:9      | Reached **** piety under Trog
  7613 | D:9      | Found a staircase to the Lair.
  7810 | D:10     | Entered Level 10 of the Dungeon
  7837 | D:10     | Reached skill level 10 in Stealth
  7852 | D:10     | Noticed a two-headed ogre
  7857 | D:10     | Killed a two-headed ogre
  8154 | D:10     | Found a staircase to the Orcish Mines.
  8231 | D:10     | Noticed Harold
  8238 | D:10     | Found Napa's Armour Shoppe.
  8284 | D:9      | Killed Harold
  8285 | D:9      | Reached XP level 11. HP: 52/52 MP: 12/12
  8438 | D:10     | Noticed Erolcha
  8631 | D:10     | Killed Erolcha
  8798 | D:10     | Reached skill level 10 in Unarmed Combat
  8823 | D:10     | Reached skill level 13 in Dodging
  9255 | D:11     | Noticed a two-headed ogre
  9264 | D:11     | Killed a two-headed ogre
  9265 | D:11     | Reached skill level 5 in Evocations
  9384 | D:11     | Reached ***** piety under Trog
  9397 | D:11     | Noticed Grum
  9416 | D:11     | Killed Grum
  9558 | D:11     | Identified a scroll of acquirement
  9558 | D:11     | Acquired a manual of Dodging
  9579 | D:11     | Noticed a seven-headed hydra
  9584 | D:11     | Killed a seven-headed hydra
  9753 | D:11     | Noticed a death knight
  9762 | D:11     | Killed a death knight
  9763 | D:11     | Reached skill level 14 in Dodging
  9992 | D:12     | Reached skill level 10 in Fighting
 10130 | D:12     | Noticed a red ugly thing
 10132 | D:12     | Killed a red ugly thing
 10133 | D:12     | Noticed a deep elf pyromancer
 10156 | D:12     | Killed a deep elf pyromancer
 10173 | D:12     | Found Acsugg's Weapon Shoppe.
 10308 | D:12     | Noticed a two-headed ogre
 10315 | D:12     | Killed a two-headed ogre
 10352 | D:12     | Gained mutation: Your thick and shaggy fur keeps you warm.
                  | (AC +3, rC+) [Felid growth]
 10352 | D:12     | Reached XP level 12. HP: 55/58 MP: 13/13
 10405 | D:12     | Noticed a two-headed ogre
 10408 | D:12     | Killed a two-headed ogre
 10482 | D:13     | Noticed a tengu warrior
 10484 | D:13     | Killed a tengu warrior
 10518 | D:13     | Noticed a two-headed ogre
 10554 | D:13     | Killed a two-headed ogre
 10636 | D:13     | Reached skill level 10 in Evocations
 10666 | D:13     | Found a runed translucent door.
 10666 | D:13     | Noticed a rakshasa
 10666 | D:13     | Noticed a boulder beetle
 10667 | D:13     | Noticed a five-headed hydra
 10670 | D:13     | Noticed a six-headed hydra
 10671 | D:13     | Noticed a centaur warrior
 10671 | D:13     | Found the +8 longbow "Zephyr" {speed, Dex+3 SInv}
 10993 | D:2      | Bought a scroll of acquirement for 624 gold pieces
 10993 | D:2      | Acquired a manual of Evocations
 11161 | Lair:1   | Entered Level 1 of the Lair of Beasts
 11336 | Lair:1   | Noticed a four-headed hydra
 11358 | Lair:1   | Killed a four-headed hydra
 11542 | Lair:1   | Reached skill level 15 in Dodging
 11847 | Lair:2   | Noticed a five-headed hydra
 11859 | Lair:2   | Killed a five-headed hydra
 11888 | Lair:2   | Found a snail-covered altar of Cheibriados.
 12006 | Lair:2   | Noticed a six-headed hydra
 12019 | Lair:2   | Killed a six-headed hydra
 12362 | Lair:2   | Noticed a five-headed hydra
 12371 | Lair:2   | Killed a five-headed hydra
 12387 | Lair:2   | Reached skill level 16 in Dodging
 12660 | Lair:3   | Reached XP level 13. HP: 62/64 MP: 14/14
 12960 | Lair:3   | Found a staircase to the Snake Pit.
 13097 | Lair:3   | Found a staircase to the Shoals.
 13678 | Lair:4   | Mangled by a hell rat
 13679 | Lair:4   | Reached XP level 12. HP: -9/61 MP: 13/13
 13684 | Lair:4   | Killed an eight-headed hydra
 13837 | Lair:4   | Reached skill level 17 in Dodging
 13882 | Lair:5   | Noticed a catoblepas
 14847 | Lair:5   | Reached XP level 13. HP: 50/66 MP: 14/14
 15334 | Lair:6   | Entered Level 6 of the Lair of Beasts
 15414 | Lair:6   | Noticed a dire elephant
 15433 | Lair:6   | Killed a dire elephant
 15434 | Lair:6   | Reached skill level 18 in Dodging
 15735 | Lair:6   | Found a runed translucent gate.
 15735 | Lair:6   | Found a runed translucent gate.
 15735 | Lair:6   | Found a runed translucent gate.
 15736 | Lair:6   | Noticed Rexfelis's ghost (journeyman MiBe)
 15738 | Lair:6   | Noticed Tungsten's ghost (journeyman DrIE)
 15828 | Lair:6   | Reached ****** piety under Trog
 16532 | Lair:6   | Noticed Josephine
 16567 | Lair:6   | Killed Josephine
 16799 | Lair:6   | Reached skill level 15 in Evocations
 16950 | Lair:6   | Identified the ring of Jupaf {Drain rElec Str+7 Slay+4
                  | Stlth+}
 17015 | Lair:6   | Reached XP level 14. HP: 62/72 MP: 15/15
 17328 | Lair:6   | Noticed Kirke
 17346 | Lair:6   | Killed Kirke
 17356 | Lair:6   | Found a viscous altar of Jiyva.
 17360 | Lair:6   | Found a staircase to the Slime Pits.
 18140 | D:13     | Reached skill level 19 in Dodging
 18379 | D:13     | Identified the +2 robe of Midnight {Int+2}
 18539 | D:14     | Reached skill level 15 in Fighting
 18562 | D:14     | Found a gate to the Vaults.
 18798 | D:14     | Reached skill level 15 in Stealth
 18870 | D:14     | Reached skill level 20 in Dodging
 18871 | D:14     | You fall into a shaft and drop 1 floor!
 18871 | D:15     | Entered Level 15 of the Dungeon
 18884 | D:15     | Found a sacrificial altar of Ru.
 19187 | D:15     | Found a staircase to the Depths.
 19187 | D:15     | Noticed a stone giant
 19285 | D:15     | Killed a stone giant
 19456 | D:15     | Identified Roxanne's Guide on Earth
 19456 | D:15     | Noticed Roxanne
 19472 | D:15     | Killed Roxanne
 19950 | Orc:1    | Entered Level 1 of the Orcish Mines
 20280 | Orc:2    | Entered Level 2 of the Orcish Mines
 20567 | Orc:2    | Noticed Azrael
 20716 | Orc:2    | Reached XP level 15. HP: 77/77 MP: 16/16
 20971 | Orc:2    | Killed Azrael
 21130 | Orc:2    | Found a staircase to the Elven Halls.
 21243 | Orc:2    | Found Etoim's Magic Scroll Boutique.
 21244 | Orc:2    | Found Suliquv's Distillery.
 21360 | Orc:2    | Bought a potion of cancellation for 88 gold pieces
 21360 | Orc:2    | Bought a potion of heal wounds for 55 gold pieces
 21360 | Orc:2    | Bought 2 potions of haste for 220 gold pieces
 21360 | Orc:2    | Bought a potion of haste for 110 gold pieces
 21362 | Orc:2    | Bought a scroll of fog for 22 gold pieces
 21362 | Orc:2    | Bought a scroll of teleportation for 33 gold pieces
 21362 | Orc:2    | Bought a scroll of teleportation for 33 gold pieces
 21704 | Orc:2    | Found Yxkyts's Antique Armour Shoppe.
 21704 | Orc:2    | Found Lugaohot's Jewellery Emporium.
 21705 | Orc:2    | Found a one-way gate leading to the halls of Pandemonium.
 21997 | Snake:1  | Entered Level 1 of the Snake Pit
 21997 | Snake:1  | Found Ufowos's Jewellery Shoppe.
 21997 | Snake:1  | Found Patsal's Weapon Boutique.
 22113 | Snake:1  | Reached skill level 15 in Unarmed Combat
 22272 | Shoals:1 | Entered Level 1 of the Shoals
 22499 | Shoals:1 | You fall into a shaft and drop 1 floor!
 22810 | Shoals:1 | Reached skill level 21 in Dodging
 22857 | Shoals:1 | Found Cushraoxe's General Store.
 23967 | Shoals:3 | Reached XP level 16. HP: 7/82 MP: 17/17
 24140 | Shoals:3 | HP: 2/82 [satyr/sling bullet (28)]
 24141 | Shoals:3 | Hit by a javelin thrown by a merfolk javelineer
 24142 | Shoals:3 | Reached XP level 15. HP: -2/78 MP: 16/16
 24552 | Shoals:3 | Annihilated by a sea snake
 24553 | Shoals:3 | Reached XP level 14. HP: -22/75 MP: 15/15
 24775 | Shoals:4 | Entered Level 4 of the Shoals
 24775 | Shoals:4 | Noticed Nikola
 24849 | Shoals:4 | Slain by a merfolk

Illustrated notes

Levels and vault maps discovered:
D:1:      lightli_arrival_farm, layout_loops_ring, basic_ecumenical_altar,
          minmay_misc_feat_plants
D:2:      layout_basic, serial_shops, nicolae_diamond_shop,
          minmay_quadrilaterals, uniq_terence
D:3:      layout_loops_ring, gammafunk_ghost_smash, corexii_shack
D:4:      layout_rooms, gammafunk_temple_overflow_wave,
          minmay_temple_entry_wispy, minmay_manual_mess, uniq_edmund
D:5:      layout_layer_cave, uniq_duvessa
D:6:      layout_basic, nicolae_shop_clearance
D:7:      layout_loops_ring, serial_glass, glass_columns_b, glass_columns_a
D:8:      minmay_gate_of_8, layout_rooms, gammafunk_ghost_hive,
          uniq_prince_ribbit1
D:9:      layout_basic, erik_lair_island
D:10:     layout_loops_ring, erik_orc_4, special_room [special_room_bee],
          serial_shops, nicolae_shop_trees, uniq_erolcha, uniq_harold
D:11:     layout_loops_ring, uniq_grum
D:12:     layout_roguey, serial_shops, shop_fountains, minmay_misc_feat_columns
D:13:     layout_basic, minmay_st_funbox
D:14:     layout_rooms, lightli_vaults_fourway_checkpoint,
          nicolae_elyvilon_temple_path
D:15:     grunt_enter_depths_giant_problem, layout_loops_cross,
          hangedman_abyss_or_decor_stagger, serial_bayou_pond_b,
          hangedman_ru_absence, uniq_roxanne
Lair:1:   layout_roguey, lemuel_fruit_tree
Lair:2:   layout_roguey, basic_altar, hibernation_bobbens, grunt_megastairs_5
Lair:3:   layout_regular_city, minmay_shoals_entry_hut,
          minmay_snake_entry_guardpost_medium, grunt_megastairs_1
Lair:4:   layout_misc_corridors
Lair:5:   layout_misc_corridors, st_stairs_3
Lair:6:   hangedman_lair_caniforms_friends, layout_long_grid, slime_altar_1,
          gammafunk_ghost_cemetery, nicolae_volcano_entry_batcave,
          small_statue_intersection, serial_bayou_pond_e,
          minmay_shattered_shrine, infiniplex_staircase_pool_2, uniq_josephine,
          uniq_kirke
Shoals:1: layout_shoals, serial_shops, shop, nicolae_shoals_hidden_pirate_stash
Shoals:2: cheibrodos_shoals_baths, layout_shoals
Shoals:3: layout_shoals
Shoals:4: shoals_end_simple, layout_shoals, nicolae_shoals_water_booths,
          uniq_polyphemus, uniq_nikola, uniq_mlioglotl
Snake:1:  layout_onion_interference, serial_shops, nicolae_shop_statue_plus,
          shop, nicolae_shop_trees, shop, shop, fake_guardian_serpent_vault
Orc:1:    layout_diamond_mine, mines2_david
Orc:2:    pf_orc_diabolical, layout_caves, uniq_azrael

Skill      XL: |  1  2  3  4  5  6  7  8  9 10 11 12 13 14 15 |
---------------+----------------------------------------------+-----
Stealth        | 1 2 3 5 6 7 9 10 12 13 15 | 15.0
Unarmed Combat | 4 5 6 7 9 10 13 15 | 15.0
Dodging        | 5 9 10 11 12 14 17 18 20 21 | 21.0
Fighting       | 6 7 8 10 13 14 15 16 | 16.3
Evocations     | 3 8 13 15 17 | 17.7

Action                   |  1- 3 |  4- 6 |  7- 9 | 10-12 | 13-15 | 16-18 || total
-------------------------+-------+-------+-------+-------+-------+-------++-------
Melee: Unarmed           |    94 |    85 |   284 |   936 |  1672 |    17 ||  3088
       Bite              |    10 |    14 |    28 |   133 |   265 |       ||   450
       Punch             |     3 |     1 |    14 |    77 |   158 |       ||   253
Invok: Berserk           |     2 |     3 |     8 |    19 |    22 |       ||    54
       Trog's Hand       |       |       |       |     4 |     9 |     1 ||    14
       Brothers in Arms  |       |       |       |       |     2 |       ||     2
Evoke: Wand              |       |       |       |     2 |     4 |       ||     6
       Piece from Xom's  |       |       |       |     1 |     2 |       ||     3
       Box of beasts     |       |       |       |     1 |     5 |     1 ||     7
  Use: Scroll            |     2 |     3 |    12 |     8 |     9 |       ||    34
       Potion            |       |       |       |       |     4 |     2 ||     6
 Stab: Sleeping          |     6 |     5 |    15 |    23 |    45 |     2 ||    96
       Distracted        |       |       |       |     4 |     6 |       ||    10
       Petrifying        |       |       |       |       |     2 |       ||     2
Armor: Skin              |     9 |     6 |    27 |    60 |    56 |       ||   158
Dodge: Dodged            |    61 |    67 |   273 |  1111 |  2104 |    19 ||  3635
